 Dungeon Crawl Stone Soup version 0.22-a0-305-gd21a89c (webtiles) character file.

5141 RoseArtemis the Cleaver (level 10, -5/91 HPs)
             Began as a Minotaur Fighter on Mar 29, 2018.
             Was a Follower of Makhleb.
             Slain by a troll (6 damage)
             ... on level 9 of the Dungeon.
             The game lasted 00:25:36 (8794 turns).

RoseArtemis the Cleaver (Minotaur Fighter)          Turns: 8794, Time: 00:25:38

Health: -5/91      AC:  9    Str: 21    XL:     10   Next: 33%
Magic:  9/9        EV:  8    Int:  6    God:    Makhleb [*.....]
Gold:   323        SH: 11    Dex: 12    Spells: 9/9 levels left

rFire    . . .     SeeInvis .   r - +1 hand axe (vamp)
rCold    . . .     Gourm    .   c - +0 shield
rNeg     . . .     Faith    .   b - +0 scale mail
rPois    .         Spirit   .   h - +0 hat
rElec    .         Reflect  .   (no cloak)
rCorr    .         Harm     .   v - +0 pair of gloves
MR       .....                  (no boots)
Stlth    ..........             (no amulet)
HPRegen  0.25/turn              (no ring)
MPRegen  0.11/turn              (no ring)

@: no status effects
A: retaliatory headbutt, horns 2
a: Renounce Religion


You were on level 9 of the Dungeon.
You worshipped Makhleb.
Makhleb was aware of your devotion.
You were not hungry.

You visited 2 branches of the dungeon, and saw 10 of its levels.

You collected 323 gold pieces.

Inventory:

Hand Weapons
 r - a +1 vampiric hand axe (weapon)
Armour
 b - a +0 scale mail (worn)
 c - a +0 shield (worn)
 h - a +0 hat (worn)
 v - a +0 pair of gloves (worn)
 B - a +0 large shield
Wands
 t - a wand of disintegration (12)
 x - a wand of digging (9)
Scrolls
 l - a scroll of immolation {unknown}
 m - 2 scrolls of amnesia
 n - a scroll of noise {unknown}
 o - 4 scrolls of identify
 p - 3 scrolls of remove curse
 q - a scroll of random uselessness {unknown}
 s - 4 scrolls of fear
 u - a scroll of blinking {unknown}
 y - 2 scrolls of teleportation
 z - a scroll of magic mapping {unknown}
Potions
 a - a potion of ambrosia {unknown}
 d - a potion of magic {unknown}
 e - a potion of heal wounds {unknown}
 g - 3 potions of curing {unknown}
 i - a potion of might
 j - a potion of resistance {unknown}
 k - 2 potions of brilliance {unknown}
 w - a potion of mutation {unknown}
 A - a potion of cancellation {unknown}
Comestibles
 f - 8 rations
 C - 5 chunks of flesh


   Skills:
 + Level 9.2 Fighting
 * Level 11.9 Axes
 + Level 9.2 Armour
 - Level 8.1 Shields


You had 9 spell levels left.
You didn't know any spells.

Dungeon Overview and Level Annotations

Branches:
Dungeon (9/15)             Temple (1/1) D:7
   Lair: D:8-11         Orc: D:9-12

Altars:
Ashenzari
Cheibriados
Dithmenos
Elyvilon
Fedhas
Gozag
Hepliaklqana
Kikubaaqudgha
Makhleb
Okawaru
Qazlal
Ru
Sif Muna
Trog
Uskayaw
Vehumet
Wu Jian
Xom
Yredelemnul
Zin
The Shining One

Shops:
D:7 [

Annotations:
D:6 1 runed door


Innate Abilities, Weirdness & Mutations

You reflexively headbutt those who attack you in melee.
You have a pair of horns on your head.


Message History

You hit the troll.
The troll is heavily wounded.
You closely miss the troll.
The troll is heavily wounded.
The troll barely misses you. You furiously retaliate!
You headbutt the troll, but do no damage.
You block the troll's attack. The troll claws you!
* * * LOW HITPOINT WARNING * * *
You hit the troll but do no damage. You headbutt the troll!
The troll is severely wounded.
The troll bites you!
* * * LOW HITPOINT WARNING * * *
You block the troll's attack. The troll claws you but does no damage.
Unknown command.
Okay, then.
You barely miss the troll.
You headbutt the troll, but do no damage.
The troll is heavily wounded.
You block the troll's attack. The troll claws you.
You die...

#.#...####......#
#.............###
#.............#
#....#####....#
#....#...#....#
#....#...#......
#....#...#.......
#....##T##......#
#...8.8@8.8.....#
#..............
#...8.8......##
##...........#
#...........#
#############


You could see a troll.

Vanquished Creatures
  Gastronok (D:8)
  4 hippogriffs
  Sigmund (D:5)
  Eustachio (D:4)
  Menkaure (D:7)
  The ghost of Demitroll the Ruffian, an amateur DrTm (D:4)
  2 hungry ghosts (D:7)
  An ice beast (D:7)
  A sky beast (D:8)
  A black bear (D:6)
  A phantom (D:8)
  4 centaurs
  An ogre (D:4)
  3 bullfrogs
  A big kobold (D:8)
  6 killer bees (D:7)
  A howler monkey (D:8)
  2 crimson imps
  A bullfrog zombie (D:7)
  5 orc wizards
  A hound (D:6)
  4 orc priests
  2 iguanas (D:6)
  6 worker ants
  A worker ant zombie (D:7)
  3 gnolls (D:6)
  9 adders
  An ooze (D:6)
  An adder skeleton (D:4)
  5 worms
  A dart slug (D:4)
  5 leopard geckos
  26 orcs
  7 giant cockroaches
  6 goblins
  5 hobgoblins
  A jackal (D:4)
  3 quokkas
  3 bats
  5 frilled lizards
  9 kobolds
  2 leopard gecko zombies
  7 rats
152 creatures vanquished.

Notes
Turn   | Place    | Note
-------+----------+-------------------------------------------
     0 | D:1      | RoseArtemis the Minotaur Fighter began the quest for the Orb.
     0 | D:1      | Reached XP level 1. HP: 19/19 MP: 0/0
   124 | D:1      | Reached XP level 2. HP: 27/27 MP: 1/1
   550 | D:2      | Reached skill level 3 in Axes
   635 | D:2      | Reached XP level 3. HP: 29/33 MP: 2/2
  1274 | D:3      | Found a shadowy altar of Dithmenos.
  1280 | D:3      | Reached XP level 4. HP: 40/40 MP: 3/3
  1342 | D:3      | Reached skill level 4 in Axes
  1926 | D:4      | Noticed Demitroll's ghost (amateur DrTm)
  1947 | D:4      | HP: 2/41 [Demitroll's ghost (6)]
  1950 | D:4      | Killed Demitroll's ghost
  1950 | D:4      | Reached skill level 5 in Axes
  1950 | D:4      | Reached XP level 5. HP: 3/47 MP: 4/4
  2278 | D:4      | Noticed Eustachio
  2325 | D:4      | Killed Eustachio
  2325 | D:4      | Reached skill level 5 in Fighting
  2325 | D:4      | Reached skill level 5 in Armour
  2325 | D:4      | Reached skill level 5 in Shields
  2325 | D:4      | Reached XP level 6. HP: 17/56 MP: 5/5
  2735 | D:4      | Reached skill level 6 in Axes
  2824 | D:4      | Reached XP level 7. HP: 24/61 MP: 6/6
  3181 | D:5      | Entered Level 5 of the Dungeon
  3428 | D:5      | Reached skill level 7 in Axes
  3517 | D:5      | Noticed Sigmund
  3524 | D:5      | Killed Sigmund
  3750 | D:6      | Reached XP level 8. HP: 36/70 MP: 7/7
  3949 | D:6      | Noticed a hippogriff
  3963 | D:6      | Killed a hippogriff
  3963 | D:6      | Reached skill level 8 in Axes
  4388 | D:6      | Found a shattered altar of Ashenzari.
  4569 | D:6      | Found a runed door.
  4896 | D:6      | Found a burning altar of Makhleb.
  5295 | D:6      | Became a worshipper of Makhleb the Destroyer
  5481 | D:7      | Reached skill level 9 in Axes
  5850 | D:7      | Found a staircase to the Ecumenical Temple.
  5857 | D:7      | Found Xuk Yvvye's Antique Armour Shoppe.
  5861 | Temple   | Entered the Ecumenical Temple
  6059 | D:7      | Reached XP level 9. HP: 76/79 MP: 8/8
  6156 | D:7      | Noticed Menkaure
  6166 | D:7      | Killed Menkaure
  6700 | D:7      | Reached skill level 10 in Axes
  7305 | D:8      | Found an ancient bone altar of Kikubaaqudgha.
  7305 | D:8      | Found a deep blue altar of Sif Muna.
  7305 | D:8      | Found a glowing golden altar of the Shining One.
  7305 | D:8      | Found a blossoming altar of Fedhas.
  7305 | D:8      | Noticed Gastronok
  7479 | D:8      | Reached * piety under Makhleb
  7860 | D:8      | Killed Gastronok
  7860 | D:8      | Reached skill level 11 in Axes
  7860 | D:8      | Reached XP level 10. HP: 45/91 MP: 9/9
  8324 | D:8      | Found an opulent altar of Gozag.
  8793 | D:9      | HP: 1/91 [troll (8)]
  8794 | D:9      | Slain by a troll

Vault maps used:
D:1:      dpeg_arrival_fog
D:2:      hangedman_decor_push
D:3:      nicolae_dithmenos_through_a_glass_darkly
D:4:      minmay_diamond_boxcup, first_ration, hangedman_abyss_or_decor_slice,
          uniq_eustachio
D:5:      uniq_sigmund
D:6:      ashenzari_altar_1, lemuel_round_altar, portal_sewer_entry_e,
          uniq_crazy_yiuf_cottage
D:7:      temple_fountains, serial_shops, shop, uniq_menkaure
D:8:      grunt_temple_overflow_open, uniq_gastronok
D:9:      nemelex_xobeh_ov_fountains_minmay, serial_shops,
          nicolae_shop_competitors_out_of_business, serial_column_ruins,
          column_ruins_hut_pillars, column_ruins_hut, column_ruins_grid_2,
          column_ruins_columns_straight, column_ruins_grid_2
Temple:   dshaligram_water_room_temple

Skill      XL: |  1  2  3  4  5  6  7  8  9 |
---------------+----------------------------+-----
Axes           | 3 5 6 7 9 11 | 11.9
Fighting       | 4 5 6 7 9 |  9.2
Armour         | 4 5 6 7 9 |  9.2
Shields        | 4 5 6 7 8 |  8.1

Action                   |  1- 3 |  4- 6 |  7- 9 | 10-12 || total
-------------------------+-------+-------+-------+-------++-------
Melee: War axe           |    22 |       |       |       ||    22
       Headbutt          |     7 |    18 |    56 |    10 ||    91
       Hand axe          |    51 |   110 |   287 |    60 ||   508
  Use: Potion            |       |     2 |     2 |       ||     4
       Scroll            |       |       |     8 |       ||     8
  Eat: Chunk             |     1 |     5 |    18 |     2 ||    26
       Ration            |       |       |     3 |       ||     3
Armor: Scale mail        |    20 |    40 |    76 |    16 ||   152
Dodge: Dodged            |    19 |    26 |    61 |    13 ||   119
Block: Shield            |    24 |    52 |   121 |    29 ||   226

Table legend:
 A = Spawn XP
 B = Non-spawn XP
 C = Spawn XP percentage of total XP
 D = Spawn monster count
 E = Non-spawn monster count
 F = Spawn count percentage of total count
 G = Total turns spent on level
                    A         B        C        D         E        F      G
               +---------+---------+-------+---------+---------+-------+---------
         Total |       0 |    7345 |   0.0 |       0 |     152 |   0.0 |  8794
               +---------+---------+-------+---------+---------+-------+---------
           D:1 |       0 |      17 |   0.0 |       0 |      10 |   0.0 |   455
           D:2 |       0 |      78 |   0.0 |       0 |      22 |   0.0 |   817
           D:3 |       0 |      51 |   0.0 |       0 |      10 |   0.0 |   636
           D:4 |       0 |     731 |   0.0 |       0 |      26 |   0.0 |  1273
           D:5 |       0 |     538 |   0.0 |       0 |       8 |   0.0 |   564
           D:6 |       0 |    1032 |   0.0 |       0 |      24 |   0.0 |  1742
           D:7 |       0 |    1914 |   0.0 |       0 |      24 |   0.0 |  1710
           D:8 |       0 |    2929 |   0.0 |       0 |      22 |   0.0 |  1347
           D:9 |       0 |      55 |   0.0 |       0 |       6 |   0.0 |   117
               +---------+---------+-------+---------+---------+-------+---------
